 Dungeon Crawl Stone Soup version 0.16.0-16-g311141a (webtiles) character file.

340 HungrySpirit the Skirmisher (level 6, -4/51 HPs)
             Began as a Formicid Monk on Mar 19, 2015.
             Was a Believer of Fedhas.
             Slain by a goliath beetle (17 damage)
             ... on level 7 of the Dungeon.
             The game lasted 00:11:29 (4519 turns).

HungrySpirit the Skirmisher (Formicid Monk)         Turns: 4519, Time: 00:11:30

Health: -4/51      AC: 10    Str: 17    XL:     6   Next: 86%
Magic:  8/8        EV:  8    Int: 10    God:    Fedhas [**....]
Gold:   241        SH:  0    Dex: 13    Spells: 0 memorised, 5 levels left

rFire  . . .     SeeInvis +     l - +0 whip (elec)
rCold  . . .     Clarity  .     h - +0 chain mail
rNeg   . . .     SustAb   .     (no shield)
rPois  .         Gourm    .     (helmet unavailable)
rElec  .         Spirit   .     i - +0 cloak
rCorr  .         Warding  .     (no gloves)
rMut   .         Stasis   +     (no boots)
MR     .....                    (no amulet)
Stlth  ..........               (no ring)
                                (no ring)

@: not resistant to hostile enchantments, extremely unstealthy
A: permanent stasis, dig shafts and tunnels, four strong arms, antennae 3
a: Dig, Shaft Self, Evolution, Sunlight, Renounce Religion


You were on level 7 of the Dungeon.
You worshipped Fedhas.
Fedhas was pleased with you.
You were near starving.

You visited 2 branches of the dungeon, and saw 7 of its levels.

You collected 241 gold pieces.

Inventory:

Hand weapons
 l - a +0 whip of electrocution (weapon)
 q - a +1 dagger of freezing
Missiles
 x - a throwing net (quivered)
Armour
 h - a +0 chain mail (worn)
 i - a +0 cloak (worn)
Magical devices
 p - a wand of digging (10)
Scrolls
 a - a scroll of random uselessness {unknown}
 e - 3 scrolls of enchant weapon {unknown}
 j - 5 scrolls of identify {unknown}
 o - 2 scrolls of noise {unknown}
 t - a scroll of remove curse
 u - 2 scrolls of immolation {unknown}
 v - 3 scrolls of blinking {unknown}
 y - a scroll of teleportation {unknown}
Potions
 c - 2 potions of restore abilities {unknown}
 d - a potion of brilliance {unknown}
 g - 2 potions of resistance {unknown}
 m - a potion of magic {unknown}
 n - 3 potions of mutation {unknown}
 r - a potion of invisibility {unknown}
 s - 2 potions of might {unknown}
 w - 4 potions of heal wounds {unknown}
Comestibles
 b - 5 bread rations
 f - 2 meat rations
 z - 3 fruits


   Skills:
 + Level 5.5 Fighting
 - Level 1.0 Short Blades
 * Level 3.2 Maces & Flails
 + Level 2.9 Armour
 - Level 3.1 Dodging
 - Level 2.4 Stealth
 - Level 4.0 Unarmed Combat


You had 5 spell levels left.
You didn't know any spells.

Dungeon Overview and Level Annotations

Branches:
Dungeon (7/15)             Temple (1/1) D:4

Altars:
Ashenzari
Elyvilon
Fedhas
Gozag
Makhleb
Okawaru
Sif Muna
Vehumet
Xom
Yredelemnul
The Shining One

Shops:
D:4 (   D:5 %=


Innate Abilities, Weirdness & Mutations

You are under a permanent stasis effect.
You can dig through walls and to a lower floor.
Your four strong arms can wield two-handed weapons with a shield.
You have a pair of large antennae on your head (SInv).


Message History

You hit the goliath beetle but do no damage.
The goliath beetle is moderately wounded.
You hit the goliath beetle.
The goliath beetle is moderately wounded.
You hit the goliath beetle.
The goliath beetle is heavily wounded.
You hit the goliath beetle but do no damage.
The goliath beetle is heavily wounded.
You barely miss the goliath beetle.
The goliath beetle is heavily wounded.
Your chain mail prevents you from hitting the goliath beetle.
The goliath beetle is heavily wounded.
You hit the goliath beetle but do no damage.
The goliath beetle is heavily wounded.
Found a stone staircase leading down.
You hit the goliath beetle!
There is a sudden explosion of sparks!
The goliath beetle is severely wounded.
The goliath beetle bites you!
You die...
Fedhas appreciates your contribution to the ecosystem.

. #... #... . #... .... .
...## >..... ...# ......
%.##
.......###########..#####
#.......@B...............
#.####.############.....[
#.....)......)#.....
#.............#.....
#(............##.###
#...[.........# ..
#.............# #.#
#.............# .#
#.........(...# .#


You could see a goliath beetle.

Vanquished Creatures
  A centaur (D:5)
  Crazy Yiuf (D:2)
  2 orc wizards (D:7)
  Ijyb (D:4)
  Robin (D:2)
  3 adders
  2 giant mites
  2 worms
  An adder skeleton (D:4)
  3 giant geckos
  4 orcs
  4 giant cockroaches
  13 goblins
  10 hobgoblins
  2 quokkas
  A ball python (D:1)
  16 bats
  5 giant newts
  A jackal skeleton (D:4)
  9 kobolds
  10 rats
92 creatures vanquished.

Notes
Turn   | Place    | Note
--------------------------------------------------------------
     0 | D:1      | HungrySpirit, the Formicid Monk, began the quest for the Orb.
     0 | D:1      | Reached XP level 1. HP: 18/18 MP: 1/1
   321 | D:1      | Reached XP level 2. HP: 21/24 MP: 3/3
  1137 | D:1      | Reached XP level 3. HP: 30/30 MP: 4/4
  1661 | D:2      | Noticed Robin
  1760 | D:2      | Killed Robin
  1760 | D:2      | Reached XP level 4. HP: 38/38 MP: 5/5
  1879 | D:2      | Reached skill level 1 in Short Blades
  2153 | D:2      | Noticed Crazy Yiuf
  2160 | D:2      | Killed Crazy Yiuf
  2160 | D:2      | Reached skill level 1 in Maces & Flails
  2160 | D:2      | Reached skill level 1 in Armour
  2278 | D:2      | Reached XP level 5. HP: 43/43 MP: 7/7
  3610 | D:3      | Reached skill level 5 in Fighting
  3840 | D:4      | Found a glowing golden altar of the Shining One.
  3908 | D:4      | Found Cludoq's Weapon Shop.
  4025 | D:4      | Found a staircase to the Ecumenical Temple.
  4047 | Temple   | Entered the Ecumenical Temple
  4092 | Temple   | Became a worshipper of Fedhas Madash
  4092 | Temple   | Acquired Fedhas' first power
  4092 | Temple   | Acquired Fedhas' second power
  4125 | D:4      | Noticed an ogre
  4240 | D:4      | Noticed Ijyb
  4242 | D:4      | Killed Ijyb
  4242 | D:4      | Reached XP level 6. HP: 51/51 MP: 8/8
  4280 | D:5      | Entered Level 5 of the Dungeon
  4332 | D:5      | Found Ragesoeg's Jewellery Emporium.
  4335 | D:5      | Found Choos' Food Shop.
  4424 | D:5      | Noticed an ice beast
  4458 | D:5      | You fall through a shaft for 2 floors!
  4519 | D:7      | Slain by a goliath beetle

Action                   |  1- 3 |  4- 6 || total
-------------------------+-------+-------++-------
Melee: Mace              |    55 |       ||    55
       Whip              |    42 |   184 ||   226
       Dagger            |    15 |    19 ||    34
 Abil: Shaft Self        |       |     1 ||     1
  Use: Scroll            |     1 |       ||     1
       Potion            |       |     4 ||     4
  Eat: Chunk             |     3 |     6 ||     9
       Beef jerky        |       |     1 ||     1
